EVO
FRESNO STATE UNIVERSITY BULLDOGS @ UNIVERSITY OF TORONTO MARLIES
10/14/2049
 
TOP OF THE 1ST
Fresno State University Bulldogs batting - Pitching for University of Toronto Marlies : LHP Ryan Quintero
Pitching: LHP Ryan Quintero
Batting: RHB Sinfronio Carreon 0-0: Ball
1-0: Ball
2-0: Ball
3-0: Base on Balls
Batting: RHB Sandy Munoz 0-0: Foul Ball, location: 2F
0-1: Ball
1-1: Fly out, F8 (Line Drive, 8LM, EV 99.4 MPH)
Batting: RHB Danilo Baldia 0-0: Ball
1-0: Swinging Strike
1-1: Ball
2-1: Called Strike
2-2: Foul Ball, location: 2F
2-2: Strikes out looking
Batting: LHB Ollie Strauss 0-0: Ball
1-0: Ball
2-0: Foul Ball, location: 2F
2-1: Foul Ball, location: 2F
Balk!
Sinfronio Carreon to second
2-2: Foul Ball, location: 2F
2-2: SINGLE (Groundball, 23, EV 65.6 MPH) (infield hit)
Sinfronio Carreon to third
Batting: RHB Greg Meyer 0-0: Called Strike
0-1: Ball
1-1: SINGLE (Groundball, 56, EV 103.1 MPH) (infield hit)
Sinfronio Carreon scores
Ollie Strauss to second
Batting: LHB Brad Benanti 0-0: Ball
1-0: Foul Ball, location: 2F
1-1: Ball
2-1: Swinging Strike
2-2: Strikes out looking
Top of the 1st over - 1 run, 2 hits, 0 errors, 2 left on base; Fresno State University 1 - University of Toronto 0
BOTTOM OF THE 1ST
University of Toronto Marlies batting - Pitching for Fresno State University Bulldogs : RHP Dave Heck
Pitching: RHP Dave Heck
Batting: RHB Charlie Townend 0-0: Foul Ball, location: 2F
0-1: Ball
1-1: Ball
2-1: SINGLE (Line Drive, 8RS, EV 96.9 MPH)
Batting: LHB Mitch Melton 0-0: Fly out, F8 (Flyball, 89XD, EV 98.8 MPH)
Runner from 1st tags up, SAFE at 2nd
Batting: RHB Konrad van Pelt 0-0: Ball
1-0: Called Strike
1-1: Called Strike
1-2: Strikes out swinging
Batting: RHB Todd Maybury 0-0: Fly out, F7 (Flyball, 7, EV 79.4 MPH)
Bottom of the 1st over - 0 runs, 1 hit, 0 errors, 1 left on base; Fresno State University 1 - University of Toronto 0
TOP OF THE 2ND
Fresno State University Bulldogs batting - Pitching for University of Toronto Marlies : LHP Ryan Quintero
Batting: RHB John Chapman 0-0: Swinging Strike
0-1: Foul Ball, location: 2F
0-2: Ball
1-2: Fly out, F6 (Line Drive, 6, EV 71.9 MPH)
Batting: RHB Victor Rangel 0-0: Called Strike
0-1: Foul Ball, location: 2F
0-2: Foul Ball, location: 2F
0-2: Ball
1-2: Foul Ball, location: 2F
1-2: Foul Ball, location: 2F
1-2: Foul Ball, location: 2F
1-2: Ball
2-2: SINGLE (Groundball, 6D, EV 95.6 MPH)
Batting: RHB Wu-ti Hui 0-0: Ball
1-0: Ball
2-0: Ball
3-0: Foul Ball, location: 2F
3-1: Foul Ball, location: 2F
3-2: Strikes out looking
Batting: RHB Sinfronio Carreon 0-0: SINGLE (Line Drive, 6MD, EV 101.9 MPH)
Victor Rangel to second
Batting: RHB Sandy Munoz 0-0: Ball
1-0: Called Strike
1-1: Swinging Strike
1-2: Ball
2-2: Foul Ball, location: 2F
2-2: Strikes out swinging
Top of the 2nd over - 0 runs, 2 hits, 0 errors, 2 left on base; Fresno State University 1 - University of Toronto 0
BOTTOM OF THE 2ND
University of Toronto Marlies batting - Pitching for Fresno State University Bulldogs : RHP Dave Heck
Batting: RHB Luke Stannard 0-0: Called Strike
0-1: Called Strike
0-2: Ball
1-2: Ball
2-2: Strikes out swinging
Batting: RHB Steve Campeau 0-0: Called Strike
0-1: Called Strike
0-2: Strikes out swinging
Batting: SHB Jake Seymour 0-0: Ball
1-0: Ball
2-0: Foul Ball, location: 2F
2-1: Foul Ball, location: 2F
2-2: Strikes out looking
Bottom of the 2nd over - 0 runs, 0 hits, 0 errors, 0 left on base; Fresno State University 1 - University of Toronto 0
TOP OF THE 3RD
Fresno State University Bulldogs batting - Pitching for University of Toronto Marlies : LHP Ryan Quintero
Batting: RHB Danilo Baldia 0-0: Swinging Strike
0-1: Swinging Strike
0-2: Ball
1-2: Foul Ball, location: 2F
1-2: Ball
2-2: Strikes out swinging, 2-3 out at first.
Batting: LHB Ollie Strauss 0-0: Ball
1-0: Ball
2-0: Called Strike
2-1: Ground out U3 (Groundball, 3L, EV 90.0 MPH)
Batting: RHB Greg Meyer 0-0: Ground out U3 (Groundball, 3, EV 83.8 MPH)
Top of the 3rd over - 0 runs, 0 hits, 0 errors, 0 left on base; Fresno State University 1 - University of Toronto 0
BOTTOM OF THE 3RD
University of Toronto Marlies batting - Pitching for Fresno State University Bulldogs : RHP Dave Heck
Batting: RHB John Wilson 0-0: Ball
1-0: Ground out 5-3 (Groundball, 56, EV 85.6 MPH)
Batting: RHB Kevin McGaughey 0-0: Ball
1-0: Fly out, F8 (Flyball, 8RM, EV 92.5 MPH)
Batting: RHB Charlie Townend 0-0: Swinging Strike
0-1: Ball
1-1: Ground out 5-3 (Groundball, 56S, EV 85.0 MPH)
Bottom of the 3rd over - 0 runs, 0 hits, 0 errors, 0 left on base; Fresno State University 1 - University of Toronto 0
TOP OF THE 4TH
Fresno State University Bulldogs batting - Pitching for University of Toronto Marlies : LHP Ryan Quintero
Batting: LHB Brad Benanti 0-0: SINGLE (Groundball, 6MD, EV 96.2 MPH)
Batting: RHB John Chapman 0-0: Ball
1-0: Called Strike
1-1: Called Strike
1-2: Foul Ball, location: 2F
1-2: Strikes out swinging
Batting: RHB Victor Rangel 0-0: Ball
1-0: Swinging Strike
1-1: Ball
2-1: Swinging Strike
2-2: Ball
3-2: Foul Ball, location: 2F
3-2: Foul Ball, location: 2F
3-2: Strikes out swinging
Brad Benanti is caught stealing 2nd base 2-4
Batter strikes out.
Top of the 4th over - 0 runs, 1 hit, 0 errors, 0 left on base; Fresno State University 1 - University of Toronto 0
BOTTOM OF THE 4TH
University of Toronto Marlies batting - Pitching for Fresno State University Bulldogs : RHP Dave Heck
Batting: LHB Mitch Melton 0-0: Ball
1-0: SINGLE (Line Drive, 34, EV 98.8 MPH)
Batting: RHB Konrad van Pelt 0-0: Ball
1-0: Foul Ball, location: 2F
1-1: Foul Ball, location: 2F
1-2: Grounds into double play, 1-6-3 (Groundball, 13, EV 76.2 MPH)
Batting: RHB Todd Maybury 0-0: Called Strike
0-1: Foul Ball, location: 2F
0-2: Strikes out swinging
Bottom of the 4th over - 0 runs, 1 hit, 0 errors, 0 left on base; Fresno State University 1 - University of Toronto 0
TOP OF THE 5TH
Fresno State University Bulldogs batting - Pitching for University of Toronto Marlies : LHP Ryan Quintero
Batting: RHB Wu-ti Hui 0-0: Ball
1-0: Swinging Strike
1-1: Foul Ball, location: 2F
1-2: Foul Ball, location: 2F
1-2: SINGLE (Groundball, 6, EV 96.2 MPH)
Batting: RHB Sinfronio Carreon 0-0: Sac Bunt to 25 - play at first, batter OUT! 5-3
Wu-ti Hui to second
Batting: RHB Sandy Munoz 0-0: Called Strike
0-1: Swinging Strike
0-2: Strikes out swinging
Pitching: RHP Aaron Knight
Batting: RHB Danilo Baldia 0-0: Called Strike
0-1: Ball
1-1: Fly out, F9 (Flyball, 89M, EV 88.8 MPH)
Top of the 5th over - 0 runs, 1 hit, 0 errors, 1 left on base; Fresno State University 1 - University of Toronto 0
BOTTOM OF THE 5TH
University of Toronto Marlies batting - Pitching for Fresno State University Bulldogs : RHP Dave Heck
Batting: RHB Luke Stannard 0-0: Called Strike
0-1: Ball
1-1: Ground out U3 (Groundball, 34S, EV 86.2 MPH)
Batting: RHB Steve Campeau 0-0: Called Strike
0-1: Foul Ball, location: 2F
0-2: Foul Ball, location: 2F
0-2: Ball
1-2: Foul Ball, location: 2F
1-2: Ball
2-2: Strikes out swinging
Batting: SHB Jake Seymour 0-0: Called Strike
0-1: Fly out, F7 (Flyball, 7D, EV 98.8 MPH)
Bottom of the 5th over - 0 runs, 0 hits, 0 errors, 0 left on base; Fresno State University 1 - University of Toronto 0
TOP OF THE 6TH
Fresno State University Bulldogs batting - Pitching for University of Toronto Marlies : RHP Aaron Knight
Batting: LHB Ollie Strauss 0-0: Ball
1-0: Foul Ball, location: 2F
1-1: Foul Ball, location: 2F
1-2: Ground out 6-3 (Groundball, 6MD, EV 90.6 MPH)
Batting: RHB Greg Meyer 0-0: Called Strike
0-1: Ball
1-1: SINGLE (Groundball, 56S, EV 66.9 MPH) (infield hit)
Batting: LHB Brad Benanti 0-0: Called Strike
0-1: SINGLE (Groundball, 4MD, EV 98.1 MPH)
Greg Meyer to second
Pinch Hitting: LHB Abraham Batista 0-0: Foul Ball, location: 2F
0-1: Ball
1-1: Grounds into double play, 6-4-3 (Groundball, 6MS, EV 86.2 MPH)
Top of the 6th over - 0 runs, 2 hits, 0 errors, 1 left on base; Fresno State University 1 - University of Toronto 0
BOTTOM OF THE 6TH
University of Toronto Marlies batting - Pitching for Fresno State University Bulldogs : RHP Dave Heck
Now in RF: Tony Nowak
Batting: RHB John Wilson 0-0: Foul Ball, location: 2F
0-1: Swinging Strike
0-2: Foul Ball, location: 2F
0-2: Ball
1-2: Ground out 6-3 (Groundball, P, EV 88.1 MPH)
Batting: RHB Kevin McGaughey 0-0: Foul Ball, location: 2F
0-1: Swinging Strike
0-2: Strikes out swinging
Batting: RHB Charlie Townend 0-0: Ball
1-0: Foul Ball, location: 2F
1-1: Ball
2-1: Ground out 6-3 (Groundball, 6, EV 86.9 MPH)
Bottom of the 6th over - 0 runs, 0 hits, 0 errors, 0 left on base; Fresno State University 1 - University of Toronto 0
TOP OF THE 7TH
Fresno State University Bulldogs batting - Pitching for University of Toronto Marlies : RHP Aaron Knight
Batting: RHB Victor Rangel 0-0: Called Strike
0-1: Foul Ball, location: 2F
0-2: Strikes out looking
Pinch Hitting: SHB Joey Black 0-0: Swinging Strike
0-1: Called Strike
0-2: Foul Ball, location: 2F
0-2: DOUBLE (Line Drive, 3D, EV 98.8 MPH)
Batting: RHB Sinfronio Carreon 0-0: Fly out, F8 (Flyball, 8RS, EV 86.2 MPH)
Batting: SHB Carlton Stannard 0-0: Ball
1-0: Swinging Strike
1-1: Ball
2-1: Foul Ball, location: 2F
2-2: Strikes out swinging
Top of the 7th over - 0 runs, 1 hit, 0 errors, 1 left on base; Fresno State University 1 - University of Toronto 0
BOTTOM OF THE 7TH
University of Toronto Marlies batting - Pitching for Fresno State University Bulldogs : RHP Dave Heck
Now in CF: Moktar Ame
Batting: LHB Mitch Melton 0-0: Ball
1-0: Ball
2-0: Ball
3-0: Base on Balls
Batting: RHB Konrad van Pelt 0-0: Ball
1-0: Ball
2-0: Ball
3-0: Base on Balls
Mitch Melton to second
Batting: RHB Todd Maybury 0-0: Ball
1-0: Foul Ball, location: 2F
1-1: Ball
2-1: Swinging Strike
2-2: Fielders Choice at 2nd, 4-6 (Groundball, 4S, EV 84.4 MPH)
Mitch Melton to third
Batting: RHB Luke Stannard 0-0: Called Strike
0-1: Ball
1-1: Ball
2-1: Swinging Strike
2-2: Ball
3-2: Foul Ball, location: 2F
3-2: Foul Ball, location: 2F
3-2: Foul Ball, location: 2F
3-2: Strikes out swinging
Pitching: RHP Mike Curtis
Batting: RHB Steve Campeau 0-0: Called Strike
0-1: Ball
1-1: Swinging Strike
1-2: Foul Ball, location: 2F
1-2: Foul Ball, location: 2F
1-2: Fly out, F9 (Flyball, 89D, EV 105.6 MPH)
Bottom of the 7th over - 0 runs, 0 hits, 0 errors, 2 left on base; Fresno State University 1 - University of Toronto 0
TOP OF THE 8TH
Fresno State University Bulldogs batting - Pitching for University of Toronto Marlies : RHP Aaron Knight
Pitching: RHP Brad Cannell
Batting: RHB Danilo Baldia 0-0: Ball
1-0: Ball
2-0: Swinging Strike
2-1: Swinging Strike
2-2: Strikes out swinging
Batting: LHB Ollie Strauss 0-0: Called Strike
0-1: Swinging Strike
0-2: Strikes out swinging passed ball, reaches first!
Batting: RHB Greg Meyer 0-0: Called Strike
0-1: Called Strike
0-2: Foul Ball, location: 2F
0-2: Foul Ball, location: 2F
0-2: Strikes out looking
Batting: LHB Brad Benanti 0-0: Ball
1-0: Ball
2-0: Foul Ball, location: 2F
2-1: Ball
3-1: SINGLE (Groundball, 5D, EV 95.0 MPH)
Ollie Strauss to second
Batting: RHB Tony Nowak 0-0: Ball
1-0: Called Strike
1-1: Ball
2-1: Ball
3-1: Foul Ball, location: 2F
3-2: Foul Ball, location: 2F
3-2: Base on Balls
Ollie Strauss to third
Brad Benanti to second
Batting: RHB Victor Rangel 0-0: Ball
1-0: Ball
2-0: Ball
3-0: Base on Balls
Ollie Strauss scores
Brad Benanti to third
Tony Nowak to second
Batting: LHB Moktar Ame 0-0: Ball
1-0: Fly out, F7 (Flyball, 78D, EV 75.6 MPH)
Top of the 8th over - 1 run, 1 hit, 0 errors, 3 left on base; Fresno State University 2 - University of Toronto 0
BOTTOM OF THE 8TH
University of Toronto Marlies batting - Pitching for Fresno State University Bulldogs : RHP Mike Curtis
Batting: SHB Jake Seymour 0-0: Ball
1-0: Fly out, F7 (Flyball, 7S, EV 88.1 MPH)
Batting: RHB John Wilson 0-0: Ball
1-0: Ground out 6-3 (Groundball, 6, EV 82.5 MPH)
Batting: RHB Kevin McGaughey 0-0: Called Strike
0-1: Fly out, F9 (Flyball, 9S, EV 88.1 MPH)
Bottom of the 8th over - 0 runs, 0 hits, 0 errors, 0 left on base; Fresno State University 2 - University of Toronto 0
TOP OF THE 9TH
Fresno State University Bulldogs batting - Pitching for University of Toronto Marlies : RHP Brad Cannell
Pitching: RHP Mario Cumplido
Batting: RHB Sinfronio Carreon 0-0: Foul Ball, location: 2F
0-1: Foul Ball, location: 2F
0-2: Ball
1-2: Reached on error, E4 (Groundball, 4, EV 81.2 MPH)
Batting: SHB Carlton Stannard 0-0: Intentional Walk
Batting: RHB Danilo Baldia 0-0: 3-RUN HOME RUN (Flyball, 7LD, EV 92.5 MPH), Distance : 367 ft
Pitching: RHP Gui XĂș
Batting: LHB Ollie Strauss 0-0: Ball
1-0: Fly out, F8 (Flyball, 8RM, EV 85.6 MPH)
Batting: RHB Greg Meyer 0-0: Called Strike
0-1: Foul Ball, location: 2F
0-2: Ball
1-2: Strikes out swinging
Batting: LHB Brad Benanti 0-0: Foul Ball, location: 2F
0-1: Ball
1-1: Ground out 4-3 (Groundball, 4, EV 87.5 MPH)
Top of the 9th over - 3 runs, 1 hit, 1 error, 0 left on base; Fresno State University 5 - University of Toronto 0
BOTTOM OF THE 9TH
University of Toronto Marlies batting - Pitching for Fresno State University Bulldogs : RHP Mike Curtis
Batting: RHB Charlie Townend 0-0: Swinging Strike
0-1: Ball
1-1: Ball
2-1: Foul Ball, location: 2F
2-2: Foul Ball, location: 2F
2-2: Ball
3-2: Strikes out swinging
Batting: LHB Mitch Melton 0-0: Called Strike
0-1: Called Strike
0-2: Fly out, F7 (Line Drive, 7D, EV 97.5 MPH)
Batting: RHB Konrad van Pelt 0-0: Ball
1-0: Ball
2-0: Ball
3-0: Base on Balls
Batting: RHB Todd Maybury 0-0: Called Strike
0-1: Foul Ball, location: 2F
0-2: Ball
1-2: SINGLE (Groundball, 6MD, EV 106.9 MPH)
Konrad van Pelt to second
Pitching: RHP Brian Travaglio
Batting: RHB Luke Stannard 0-0: Ball
1-0: Called Strike
1-1: Ball
2-1: Ground out 4-3 (Groundball, 4, EV 102.5 MPH)
Bottom of the 9th over - 0 runs, 1 hit, 0 errors, 2 left on base; Fresno State University 5 - University of Toronto 0
Sunday, July 16th , 2023 - OOTP Baseball 24.6 Build 69